 Dungeon Crawl Stone Soup version 0.31-a0-236-g9a0961fb85 (webtiles) character file.

Game seed: 3928597096537500071

71 protoss039 the Digger (level 4, 33/33 HPs)
             Began as a Demonspawn Earth Elementalist on July 10, 2023.
             Got out of the dungeon alive.
             The game lasted 00:01:57 (1631 turns).

protoss039 the Digger (DsEE)                        Turns: 1631, Time: 00:01:58

Health: 33/33      AC:  2    Str:  9    XL:     4   Next: 5%
Magic:  17/17      EV: 12    Int: 18    God:
Gold:   24         SH:  4    Dex: 13    Spells: 5/8 levels left

rFire   . . .        c - +1 hand axe (freeze)
rCold   . . .        (no shield)
rNeg    . . .        a - +0 robe
rPois   .            (no helmet)
rElec   .            (no cloak)
rCorr   .            (no gloves)
SInv    .            (no boots)
Will    .....        (no amulet)
Stlth   ++           d - ring of magical power
HPRegen 0.25/turn    (no ring)
MPRegen 0.15/turn

%: no passive effects
@: no status effects
A: powered by pain 1, condensation shield
a: no special abilities


You escaped.
You visited 1 branch of the dungeon, and saw 2 of its levels.

You collected 24 gold pieces.

Inventory:

Hand Weapons
 c - a +1 hand axe of freezing (weapon)
Armour
 a - a +0 robe (worn)
Magical Staves
 g - a staff of conjuration
 h - a staff of death
Jewellery
 d - a ring of magical power (left hand)
 r - an amulet of reflection
Scrolls
 e - a scroll of torment {unknown}
 f - a scroll of teleportation {unknown}
 j - a scroll of immolation {unknown}
 k - a scroll of poison {unknown}
 l - a scroll of revelation {unknown}
 n - a scroll of butterflies {unknown}
 o - a scroll of identify
 q - a scroll of enchant armour {unknown}
Potions
 b - a potion of magic
 i - a potion of haste {unknown}
 m - a potion of curing {unknown}
 p - a potion of enlightenment {unknown}


   Skills:
 + Level 2.1 Fighting
 - Level 1.7 Dodging
 - Level 1.7 Stealth
 + Level 2.8 Spellcasting
 - Level 0.8 Transmutations
 + Level 3.3 Earth Magic


You had 5 spell levels left.
You knew the following spells:

 Your Spells              Type           Power      Damage    Failure   Level
a - Sandblast             Erth           28%        2d8       4%          1
b - Passwall              Tmut/Erth      8%         N/A       11%         2

Your spell library contained the following spells:

 Spells                   Type           Power      Damage    Failure   Level
 Ensorcelled Hibernation  Hex/Ice        4%         N/A       26%         2
 Stone Arrow              Conj/Erth      16%        3d8       26%         3
 Swiftness                Air            2%         N/A       45%         3
 Petrify                  Tmut/Erth      10%        N/A       56%         4


Dungeon Overview and Level Annotations

Branches:
Dungeon (2/15) Zot: 10297

Altars:


Innate Abilities, Weirdness & Mutations

You sometimes gain a little power by taking damage.
A meltable shield of frost defends you. (SH +4)


Message History

Terence is heavily wounded.
Terence completely misses you.
You hit Terence!
You kill Terence!
The frilled lizard bites you.
Your Fighting skill increases to level 2!
You have reached level 4!
You feel stronger.
Your demonic ancestry asserts itself...
Frost condenses into a shield before you.
You barely miss the frilled lizard. You hit the frilled lizard!
You kill the frilled lizard!
Things that are here:
a +1 hand axe of freezing; a +0 scale mail
c - a +1 hand axe of freezing You feel a strong urge to attack something.
Your +1 hand axe of freezing glows with a cold blue light!
c - a +1 hand axe of freezing (weapon)
You are no longer berserk.
You are exhausted.
You feel yourself slow down.
Unknown command.
You feel yourself speed up.
You recover from your berserk rage.
You now have 24 gold pieces (gained 6).
q - a scroll labelled NIPLAKU WAYCO
Found a stone staircase leading up.
r - an amulet of reflection
Found a stone staircase leading down.
There is a stone staircase leading up here.
You climb upwards.
There is a stone staircase leading down here.
You open the door.
There is an open door here.
There is an open door here.
You enter the shallow water.
Moving in this stuff is going to be slow.
There is a staircase leading out of the dungeon here.
Are you sure you want to leave the Dungeon?
This will make you lose the game!
You have escaped!

.♣♣♣.♣♣ ♣♣♣.♣ ♣♣
♣♣.♣♣♣ ♣.♣ ♣
♣♣..♣♣♣ ♣♣.♣ ♣♣♣..♣
♣..♣ ♣♣.♣ ♣♣.♣♣
♣♣.♣♣ ♣♣..♣♣ ♣♣
♣.♣♣ ♣.♣..♣♣♣ ≈♣
♣♣.♣♣ ♣......♣ ≈≈≈♣
♣.♣.♣♣♣♣♣..@..♣♣
≈≈≈♣♣♣....♣..P...♣♣
♣ ♣♣♣P♣.P♣♣♣♣♣♣
♣♣♣♣♣♣


There were no monsters in sight!

Vanquished Creatures
  Terence (D:2)
  A dart slug (D:1)
  4 ball pythons (D:1)
  4 bats (D:1)
  5 endoplasms
  3 giant cockroaches
  3 goblins (D:1)
  6 hobgoblins
  4 jackals (D:2)
  2 kobolds (D:1)
  A quokka (D:2)
  2 frilled lizards
  2 rats (D:1)
38 creatures vanquished.

Notes
Turn   | Place    | Note
-------+----------+-------------------------------------------
     0 | D:1      | protoss039 the Demonspawn Earth Elementalist began the
                  | quest for the Orb.
     0 | D:1      | Reached XP level 1. HP: 13/13 MP: 3/3
   212 | D:1      | Gained mutation: You sometimes gain a little power by
                  | taking damage. [demonic ancestry]
   212 | D:1      | Reached XP level 2. HP: 20/20 MP: 5/5
   257 | D:1      | Reached skill level 1 in Fighting
   409 | D:1      | Reached skill level 3 in Earth Magic
   636 | D:1      | Reached XP level 3. HP: 26/26 MP: 6/6
  1249 | D:1      | Learned a level 2 spell: Passwall
  1453 | D:2      | Noticed Terence
  1465 | D:2      | Killed Terence
  1466 | D:2      | Gained mutation: A meltable shield of frost defends you.
                  | (SH +4) [demonic ancestry]
  1466 | D:2      | Reached XP level 4. HP: 24/33 MP: 8/8
  1631 | D:$      | Got out of the dungeon alive.

Illustrated notes

Levels and vault maps discovered:
D:1:      kilobyte_arrival_exit_the_forest, layout_basic, serial_bayou,
          serial_bayou_lagoon_b, serial_bayou_lagoon_a, serial_bayou_shore_b,
          serial_bayou_shore_b
D:2:      layout_loops_cross, hellmonk_ecumenical_altar_pennies_from_heaven,
          hangedman_decor_diamond_cutter, uniq_terence

Skill      XL: |  1  2  3 |
---------------+----------+-----
Fighting       | 1 2 |  2.1
Earth Magic    | 3 |  3.3
Dodging        | |  1.7
Stealth        | |  1.7
Spellcasting   | |  2.8
Transmutations | |  0.8

Action                     |  1- 3 |  4- 6 || total
---------------------------+-------+-------++-------
  Melee: Staff             |     7 |     2 ||     9
         Unarmed           |     1 |       ||     1
   Cast: Sandblast         |    58 |       ||    58
    Use: Scroll            |     1 |       ||     1
         Potion            |     1 |       ||     1
 Armour: Robe              |     4 |       ||     4
  Dodge: Dodged            |    31 |       ||    31

Table legend: (Time is in decaauts)
 A = Elapsed time spent in this place.
 B = Non-inter-level travel time spent in this place.
 C = Inter-level travel time spent in this place.
 D = Time resting spent in this place.
 E = Time spent auto-exploring this place.
 F = Levels seen in this place.
 G = Mean time per level.
                   A        B        C        D        E       F      G
               +--------+--------+--------+--------+--------+-----+--------+
         Total |   1702 |   1622 |     80 |      0 |   1378 |   2 |  851.0 |
       Dungeon |   1702 |   1622 |     80 |      0 |   1378 |   2 |  851.0 |
               +--------+--------+--------+--------+--------+-----+--------+

Top non-repeatable levels by time:
     D:1: 1363 daAuts
     D:2: 339 daAuts
